BSA
NASHVILLE G-STRINGS @ PHILADELPHIA ATHLETICS
09/28/2030
 
TOP OF THE 1ST
Nashville G-Strings batting - Pitching for Philadelphia Athletics : LHP Gianluigi Ciottone
Pitching: LHP Gianluigi Ciottone
Batting: RHB Eric Thompson 0-0: Ball
1-0: Ball
2-0: Foul Ball, location: 2F
2-1: Ball
3-1: Foul Ball, location: 2F
3-2: Fly out, F9 (Flyball, 9LS)
Batting: RHB Jesús Cabrera 0-0: Ground out 6-3 (Groundball, 6)
Batting: RHB Sergio Márquez 0-0: Fly out, F8 (Line Drive, 8LS)
Top of the 1st over - 0 runs, 0 hits, 0 errors, 0 left on base; Nashville 0 - Philadelphia 0
BOTTOM OF THE 1ST
Philadelphia Athletics batting - Pitching for Nashville G-Strings : RHP Javier García
Pitching: RHP Javier García
Batting: LHB John Peterson 0-0: Ground out 4-3 (Groundball, 4S)
Batting: LHB Brian Boone 0-0: Ball
1-0: Fly out, F8 (Line Drive, 8RM)
Batting: RHB Tony Morton 0-0: Ground out U3 (Groundball, 3)
Bottom of the 1st over - 0 runs, 0 hits, 0 errors, 0 left on base; Nashville 0 - Philadelphia 0
TOP OF THE 2ND
Nashville G-Strings batting - Pitching for Philadelphia Athletics : LHP Gianluigi Ciottone
Batting: SHB Rob Grun 0-0: Called Strike
0-1: Called Strike
0-2: Ball
1-2: Ball
2-2: Strikes out swinging
Batting: LHB Bob Cunningham 0-0: Ball
1-0: Foul Ball, location: 2F
1-1: Fly out, F9 (Line Drive, 89S)
Batting: SHB Jorge Flores 0-0: Ball
1-0: Ball
2-0: Called Strike
2-1: Foul Ball, location: 2F
2-2: Foul Ball, location: 2F
2-2: Fly out, F3 (Line Drive, 3L)
Top of the 2nd over - 0 runs, 0 hits, 0 errors, 0 left on base; Nashville 0 - Philadelphia 0
BOTTOM OF THE 2ND
Philadelphia Athletics batting - Pitching for Nashville G-Strings : RHP Javier García
Batting: RHB Alfredo Rivera 0-0: Called Strike
0-1: Ball
1-1: Reached on error, E5 (Groundball, 56)
Batting: LHB Carter Sweet 0-0: Called Strike
0-1: Ball
1-1: SINGLE (Flyball, 89S)
Alfredo Rivera to third
Runner from 3rd tries for Home, SAFE, no throw
Batting: RHB Valentín Borges 0-0: Foul Ball, location: 2F
0-1: Ball
1-1: Swinging Strike
1-2: Strikes out looking
Batting: RHB Anastasio Villa 0-0: SINGLE (Groundball, 56D)
Carter Sweet to second
Batting: RHB Miguel Encarnación 0-0: Ball
1-0: Swinging Strike
1-1: Foul Ball, location: 2F
1-2: SINGLE (Groundball, 56S) (infield hit)
Carter Sweet to third
Anastasio Villa to second
Batting: SHB Héctor Padilla 0-0: Called Strike
0-1: Foul Ball, location: 2F
0-2: Foul Ball, location: 2F
0-2: Ball
1-2: Strikes out looking
Batting: LHB John Peterson 0-0: Ball
1-0: Called Strike
1-1: Ball
2-1: Fly out, F9 (Flyball, 9)
Bottom of the 2nd over - 1 run, 3 hits, 1 error, 3 left on base; Nashville 0 - Philadelphia 1
TOP OF THE 3RD
Nashville G-Strings batting - Pitching for Philadelphia Athletics : LHP Gianluigi Ciottone
Batting: SHB Ricardo Arévalo 0-0: Ball
1-0: Foul Ball, location: 2F
1-1: Called Strike
1-2: Foul Ball, location: 2F
1-2: Strikes out swinging
Batting: LHB Miguel Rivería 0-0: SOLO HOME RUN (Flyball, 9LD), Distance : 436 ft
Batting: RHB Zhong Shui 0-0: Ball
1-0: DOUBLE (Flyball, 8LXD)
Batting: RHB Eric Thompson 0-0: Called Strike
0-1: Ball
1-1: Ball
2-1: Swinging Strike
2-2: SINGLE (Line Drive, 78M)
Zhong Shui to third
Runner from 3rd tries for Home, SAFE, no throw
Batting: RHB Jesús Cabrera 0-0: Fly out, F8 (Flyball, 8LS)
Batting: RHB Sergio Márquez 0-0: Ball
1-0: Fielders Choice at 2nd, 4-6 (Groundball, 4MD)
Top of the 3rd over - 2 runs, 3 hits, 0 errors, 1 left on base; Nashville 2 - Philadelphia 1
BOTTOM OF THE 3RD
Philadelphia Athletics batting - Pitching for Nashville G-Strings : RHP Javier García
Batting: LHB Brian Boone 0-0: Ball
1-0: Swinging Strike
1-1: Swinging Strike
1-2: Foul Ball, location: 2F
1-2: SOLO HOME RUN (Flyball, 9D), Distance : 454 ft
Batting: RHB Tony Morton 0-0: Called Strike
0-1: Ball
1-1: Ball
2-1: Fly out, F8 (Flyball, 8LS)
Batting: RHB Alfredo Rivera 0-0: Ground out 5-3 (Groundball, 5L)
Batting: LHB Carter Sweet 0-0: Ball
1-0: SINGLE (Groundball, 34D)
Batting: RHB Valentín Borges 0-0: Fielders Choice at 2nd, 6-4 (Groundball, 56D)
Bottom of the 3rd over - 1 run, 2 hits, 0 errors, 1 left on base; Nashville 2 - Philadelphia 2
TOP OF THE 4TH
Nashville G-Strings batting - Pitching for Philadelphia Athletics : LHP Gianluigi Ciottone
Batting: SHB Rob Grun 0-0: Called Strike
0-1: SINGLE (Groundball, 6MD)
Batting: LHB Bob Cunningham 0-0: Ball
1-0: Ball
2-0: Ball
3-0: Called Strike
3-1: Base on Balls
Rob Grun to second
Batting: SHB Jorge Flores 0-0: Ball
1-0: Ball
2-0: SINGLE (Groundball, 6MD)
Rob Grun to third
Bob Cunningham to second
Batting: SHB Ricardo Arévalo 0-0: Ball
1-0: Called Strike
1-1: Ball
2-1: SINGLE (Groundball, 34)
Rob Grun scores
Bob Cunningham to third
Jorge Flores to second
Runner from 3rd tries for Home, SAFE, no throw
Batting: LHB Miguel Rivería 0-0: Ball
1-0: Grounds into double play, 4-6-3 (Groundball, 4)
Jorge Flores to third
Batting: RHB Zhong Shui 0-0: Swinging Strike
0-1: Called Strike
0-2: Ground out 4-3 (Groundball, 34D)
Top of the 4th over - 2 runs, 3 hits, 0 errors, 1 left on base; Nashville 4 - Philadelphia 2
BOTTOM OF THE 4TH
Philadelphia Athletics batting - Pitching for Nashville G-Strings : RHP Javier García
Batting: RHB Anastasio Villa 0-0: Fly out, F9 (Flyball, 9)
Batting: RHB Miguel Encarnación 0-0: Called Strike
0-1: Called Strike
0-2: Ball
1-2: Foul Ball, location: 2F
1-2: Ball
2-2: Strikes out swinging
Batting: SHB Héctor Padilla 0-0: Ball
1-0: Ball
2-0: Ball
3-0: Called Strike
3-1: Ground out 4-3 (Groundball, 34D)
Bottom of the 4th over - 0 runs, 0 hits, 0 errors, 0 left on base; Nashville 4 - Philadelphia 2
TOP OF THE 5TH
Nashville G-Strings batting - Pitching for Philadelphia Athletics : LHP Gianluigi Ciottone
Batting: RHB Eric Thompson 0-0: Ball
1-0: Foul Ball, location: 2F
1-1: SINGLE (Groundball, 56D)
Batting: RHB Jesús Cabrera 0-0: Ball
1-0: Called Strike
1-1: Ball
2-1: Foul Ball, location: 2F
2-2: DOUBLE (Groundball, 5L)
Eric Thompson to third
Batting: RHB Sergio Márquez 0-0: Ball
1-0: Foul Ball, location: 2F
1-1: Called Strike
1-2: Foul Ball, location: 2F
1-2: Ground out 4-3 (Groundball, 4)
Batting: SHB Rob Grun 0-0: Intentional Walk
Batting: LHB Bob Cunningham 0-0: Ball
1-0: Ball
2-0: Called Strike
2-1: SINGLE (Line Drive, 34)
Eric Thompson scores
Jesús Cabrera to third
Rob Grun to second
Batting: SHB Jorge Flores 0-0: Ball
1-0: Ball
2-0: Ball
3-0: Called Strike
3-1: SINGLE (Line Drive, 4D)
Jesús Cabrera scores
Rob Grun to third
Bob Cunningham to second
Runner from 3rd tries for Home, SAFE, no throw
Pitching: RHP George Nelson
Batting: SHB Ricardo Arévalo 0-0: Ball
1-0: Foul Ball, location: 2F
1-1: Ball
2-1: Ball
3-1: Foul Ball, location: 2F
3-2: Base on Balls
Bob Cunningham to third
Jorge Flores to second
Batting: LHB Miguel Rivería 0-0: Ball
1-0: Ball
2-0: Fly out, F8 (Flyball, 8RD)
Runner from 3rd tags up, OUT at HOME
Top of the 5th over - 3 runs, 4 hits, 0 errors, 2 left on base; Nashville 7 - Philadelphia 2
BOTTOM OF THE 5TH
Philadelphia Athletics batting - Pitching for Nashville G-Strings : RHP Javier García
Batting: LHB John Peterson 0-0: Ball
1-0: Ball
2-0: Foul Ball, location: 2F
2-1: Foul Ball, location: 2F
2-2: Ground out 4-3 (Groundball, 4)
Batting: LHB Brian Boone 0-0: DOUBLE (Line Drive, 89M)
Pinch Runner at 2nd Francisco Vega:
Batting: RHB Tony Morton 0-0: Ball
Francisco Vega is caught stealing 3rd base
1-0: Foul Ball, location: 2F
1-1: Ball
2-1: Ball
3-1: Base on Balls
Batting: RHB Alfredo Rivera 0-0: Ball
1-0: Swinging Strike
1-1: Foul Ball, location: 2F
1-2: Foul Ball, location: 2F
1-2: Foul Ball, location: 2F
1-2: Reached on error, E1 (Groundball, P)
Tony Morton to second
Batting: LHB Carter Sweet 0-0: Called Strike
0-1: Called Strike
0-2: Ball
1-2: Ground out 3-1 (Groundball, 34S)
Bottom of the 5th over - 0 runs, 1 hit, 1 error, 2 left on base; Nashville 7 - Philadelphia 2
TOP OF THE 6TH
Nashville G-Strings batting - Pitching for Philadelphia Athletics : RHP George Nelson
Now in RF: Francisco Vega
Batting: RHB Zhong Shui 0-0: Ball
1-0: Ground out 1-3 (Groundball, 13)
Batting: RHB Eric Thompson 0-0: Ball
1-0: Foul Ball, location: 2F
1-1: Swinging Strike
1-2: Fly out, F8 (Flyball, 8RM)
Batting: RHB Jesús Cabrera 0-0: Called Strike
0-1: Ball
1-1: Ball
2-1: Foul Ball, location: 2F
2-2: Foul Ball, location: 2F
2-2: SINGLE (Groundball, 56D)
Batting: RHB Sergio Márquez 0-0: Called Strike
0-1: Ball
1-1: Fly out, F7 (Line Drive, 78M)
Top of the 6th over - 0 runs, 1 hit, 0 errors, 1 left on base; Nashville 7 - Philadelphia 2
BOTTOM OF THE 6TH
Philadelphia Athletics batting - Pitching for Nashville G-Strings : RHP Javier García
Batting: RHB Valentín Borges 0-0: Called Strike
0-1: Called Strike
0-2: Strikes out swinging
Batting: RHB Anastasio Villa 0-0: Ball
1-0: Fly out, F7 (Flyball, 7)
Batting: RHB Miguel Encarnación 0-0: Swinging Strike
0-1: Ball
1-1: Ball
2-1: SINGLE (Groundball, 15) (infield hit)
Batting: SHB Héctor Padilla 0-0: Ball
1-0: Swinging Strike
1-1: Ball
2-1: Foul Ball, location: 2F
2-2: Strikes out swinging
Bottom of the 6th over - 0 runs, 1 hit, 0 errors, 1 left on base; Nashville 7 - Philadelphia 2
TOP OF THE 7TH
Nashville G-Strings batting - Pitching for Philadelphia Athletics : RHP George Nelson
Batting: SHB Rob Grun 0-0: Fly out, F7 (Flyball, 78M)
Batting: LHB Bob Cunningham 0-0: Swinging Strike
0-1: Ball
1-1: Swinging Strike
1-2: Ball
2-2: Ground out U3 (Groundball, 34S)
Batting: SHB Jorge Flores 0-0: TRIPLE (Line Drive, 8LXD)
Batting: SHB Ricardo Arévalo 0-0: Called Strike
0-1: Called Strike
0-2: Foul Ball, location: 2F
0-2: Ball
1-2: Ball
2-2: SINGLE (Groundball, 56D)
Jorge Flores scores
Batting: LHB Miguel Rivería 0-0: Ball
1-0: Ball
2-0: Ball
3-0: Called Strike
3-1: Foul Ball, location: 2F
3-2: Fly out, F6 (Popup, P)
Top of the 7th over - 1 run, 2 hits, 0 errors, 1 left on base; Nashville 8 - Philadelphia 2
BOTTOM OF THE 7TH
Philadelphia Athletics batting - Pitching for Nashville G-Strings : RHP Javier García
Batting: LHB John Peterson 0-0: Called Strike
0-1: Ball
1-1: Foul Ball, location: 2F
1-2: Ball
2-2: Ball
3-2: Foul Ball, location: 2F
3-2: Base on Balls
Batting: LHB Francisco Vega 0-0: SINGLE (Line Drive, 6MD)
John Peterson to second
Batting: RHB Tony Morton 0-0: Ground out 5-3 (Groundball, 56S)
John Peterson to third
Francisco Vega to second
Batting: RHB Alfredo Rivera 0-0: Swinging Strike
0-1: Ball
1-1: Ground out 4-3 (Groundball, 34)
John Peterson scores
Francisco Vega to third
Batting: LHB Carter Sweet 0-0: Ball
1-0: Foul Ball, location: 2F
1-1: Ball
2-1: Foul Ball, location: 2F
2-2: Foul Ball, location: 2F
2-2: Ball
3-2: Foul Ball, location: 2F
3-2: Strikes out swinging
Bottom of the 7th over - 1 run, 1 hit, 0 errors, 1 left on base; Nashville 8 - Philadelphia 3
TOP OF THE 8TH
Nashville G-Strings batting - Pitching for Philadelphia Athletics : RHP George Nelson
Batting: RHB Zhong Shui 0-0: Ball
1-0: Ball
2-0: Ball
3-0: Called Strike
3-1: Base on Balls
Batting: RHB Eric Thompson 0-0: Called Strike
0-1: Foul Ball, location: 2F
0-2: Foul Ball, location: 2F
0-2: Foul Ball, location: 2F
0-2: Ball
1-2: Ground out 5-3 (Groundball, 56S)
Zhong Shui to second
Batting: RHB Jesús Cabrera 0-0: Ball
1-0: SINGLE (Groundball, 56D)
Zhong Shui to third
Runner from 3rd tries for Home, SAFE, no throw
Batting: RHB Sergio Márquez 0-0: Foul Ball, location: 2F
0-1: Foul Ball, location: 2F
0-2: Ball
1-2: 2-RUN HOME RUN (Line Drive, 7D), Distance : 381 ft
Batting: SHB Rob Grun 0-0: Called Strike
0-1: Swinging Strike
0-2: Foul Ball, location: 2F
0-2: Foul Ball, location: 2F
0-2: Fly out, F9 (Line Drive, 9)
Batting: LHB Bob Cunningham 0-0: Ball
1-0: Called Strike
1-1: Foul Ball, location: 2F
1-2: Ground out 1-3 (Groundball, 15S)
Top of the 8th over - 3 runs, 2 hits, 0 errors, 0 left on base; Nashville 11 - Philadelphia 3
BOTTOM OF THE 8TH
Philadelphia Athletics batting - Pitching for Nashville G-Strings : RHP Javier García
Batting: RHB Valentín Borges 0-0: Ball
1-0: Foul Ball, location: 2F
1-1: Called Strike
1-2: Strikes out swinging
Batting: RHB Anastasio Villa 0-0: DOUBLE (Line Drive, 7D)
Batting: RHB Miguel Encarnación 0-0: Swinging Strike
0-1: Ground out 6-3 (Groundball, 6S)
Anastasio Villa to third
Batting: SHB Héctor Padilla 0-0: Ball
1-0: Ground out 5-3 (Groundball, 56S)
Bottom of the 8th over - 0 runs, 1 hit, 0 errors, 1 left on base; Nashville 11 - Philadelphia 3
TOP OF THE 9TH
Nashville G-Strings batting - Pitching for Philadelphia Athletics : RHP George Nelson
Batting: SHB Jorge Flores 0-0: Ball
1-0: Ground out 5-3 (Groundball, 56S)
Batting: SHB Ricardo Arévalo 0-0: Swinging Strike
0-1: Fly out, F8 (Flyball, 78M)
Batting: LHB Miguel Rivería 0-0: Called Strike
0-1: Ball
1-1: Foul Ball, location: 2F
1-2: Strikes out swinging
Top of the 9th over - 0 runs, 0 hits, 0 errors, 0 left on base; Nashville 11 - Philadelphia 3
BOTTOM OF THE 9TH
Philadelphia Athletics batting - Pitching for Nashville G-Strings : RHP Javier García
Batting: LHB John Peterson 0-0: Ball
1-0: Ball
2-0: Foul Ball, location: 2F
2-1: Ball
3-1: SINGLE (Groundball, 25) (infield hit)
Batting: LHB Francisco Vega 0-0: Ball
1-0: Called Strike
1-1: Ball
2-1: Swinging Strike
2-2: Ball
3-2: DOUBLE (Line Drive, 89S)
John Peterson to third
John Peterson scores
Pitching: RHP Mario Machado
Batting: RHB Tony Morton 0-0: Ball
1-0: Ball
2-0: Foul Ball, location: 2F
2-1: Foul Ball, location: 2F
2-2: Strikes out swinging
Batting: RHB Alfredo Rivera 0-0: Ball
1-0: Ball
2-0: Fly out, F9 (Flyball, 89M)
Batting: LHB Carter Sweet 0-0: Foul Ball, location: 2F
0-1: Ball
1-1: Swinging Strike
1-2: Strikes out looking
Bottom of the 9th over - 1 run, 2 hits, 0 errors, 1 left on base; Nashville 11 - Philadelphia 4
Saturday, April 7th, 2018 - OOTP Baseball 18.8 Build 76